AoeStats
← Done

MegaRandom

510398541Analyzed
3v3 RM · 17h ago on Sep 30, 2026· 61m 33s· 6 players
Game mode
Random Map
Map size
Normal (6 player)
Population
200
Speed
Normal
Resources
Standard
Victory
Conquest
Starting age
Dark Age
Ending age
Imperial Age
RankedLock teamsTeams togetherTeam positionsShared explorationLock speedFull tech treeHidden civsTurbo modeCheats
Victory
Defeat
🇫🇷 Ethiopians · France
735
+24
🇫🇷 Chinese · France
726
+15
🇿🇼 Mongols · Zimbabwe
673
+18
🇬🇧 Magyars · United Kingdom
748
-18
🇧🇷 Goths · Brazil
716
-16
🇦🇷 Georgians · Argentina
669
-14
brunoghizzokonig
2:11 Loom
13:48 Feudal Age
18:23 Castle Age
21:30 Wheelbarrow
28:15 Stone Mining
28:16 Gold Mining
28:18 Horse Collar
28:31 Double-Bit Axe
29:41 Man-at-Arms
30:22 Squires
30:59 Long Swordsman
31:00 Pikeman
39:20 Imperial Age
37:26 Wheelbarrow
37:22 Forging
37:13 Scale Mail Armor
39:28 Chain Mail Armor
39:49 Iron Casting
40:31 Perfusion
41:03 Hand Cart
42:07 Two-Handed Swordsman
42:07 Halberdier
44:24 Heavy Plow
45:57 Champion
47:31 Conscription
47:12 Anarchy
46:32 Elite Huskarl
47:16 Caravan
47:10 Fletching
47:21 Padded Archer Armor
60:45 Blast Furnace
60:13 Elite Skirmisher
62:04 Leather Archer Armor
Done
5:39 Loom
15:02 Feudal Age
15:50 Double-Bit Axe
16:12 Horse Collar
17:48 Town Watch
18:29 Fletching
21:25 Castle Age
20:56 Padded Archer Armor
21:27 Scale Mail Armor
22:03 Elite Skirmisher
23:17 Leather Archer Armor
22:26 Pikeman
26:13 Wheelbarrow
27:30 Bow Saw
34:14 Heavy Plow
34:33 Hand Cart
37:29 Bodkin Arrow
38:34 Chain Mail Armor
39:03 Thumb Ring
41:27 Scale Barding Armor
44:58 Imperial Age
43:23 Town Patrol
49:26 Corvinian Army
49:31 Husbandry
51:20 Caravan
52:59 Conscription
55:30 Elite Magyar Huszar
56:40 Halberdier
57:47 Fishing Lines
58:55 Bloodlines
59:09 Chain Barding Armor
PENDULO7
1:54 Loom
12:29 Feudal Age
15:12 Double-Bit Axe
23:57 Castle Age
22:31 Fletching
22:43 Padded Archer Armor
23:30 Scale Barding Armor
24:00 Gold Mining
26:27 Bodkin Arrow
26:49 Leather Archer Armor
26:42 Scale Mail Armor
27:27 Bow Saw
29:31 Leather Archer Armor
32:52 Chain Barding Armor
33:13 Wheelbarrow
35:32 Hand Cart
35:38 Forging
42:53 Murder Holes
43:11 Fortified Wall
44:45 Husbandry
44:13 Elite Skirmisher
46:01 Masonry
47:16 Treadmill Crane
48:34 Chain Mail Armor
50:00 Light Cavalry
50:57 Bloodlines
50:08 Light Cavalry
55:07 Ballistics
56:24 Iron Casting
BlupBlup
0:37 Loom
9:53 Feudal Age
10:37 Double-Bit Axe
13:45 Gold Mining
14:59 Fletching
15:39 Padded Archer Armor
16:11 Horse Collar
23:07 Castle Age
21:21 Man-at-Arms
24:01 Bow Saw
23:19 Crossbowman
27:44 Ballistics
28:08 Wheelbarrow
28:12 Town Watch
28:33 Pikeman
30:48 Stone Mining
32:47 Stone Shaft Mining
34:06 Murder Holes
34:15 Bodkin Arrow
34:36 Leather Archer Armor
36:24 Thumb Ring
44:43 Imperial Age
42:40 Hand Cart
43:13 Heavy Plow
45:04 Scale Barding Armor
46:48 Two-Man Saw
46:35 Conscription
49:22 Coinage
50:13 Gold Shaft Mining
49:16 Arbalester
50:08 Arson
50:24 Squires
50:26 Scale Mail Armor
50:38 Forging
52:06 Bracer
52:36 Ring Archer Armor
53:15 Chain Mail Armor
53:35 Iron Casting
59:28 Caravan
59:58 Banking
vincentdhayer.work
10:59 Feudal Age
10:14 Loom
11:28 Double-Bit Axe
11:26 Horse Collar
15:54 Wheelbarrow
23:00 Castle Age
21:42 Scale Barding Armor
23:51 Bloodlines
24:09 Squires
24:42 Husbandry
24:03 Light Cavalry
27:19 Hand Cart
27:47 Bow Saw
33:39 Chain Barding Armor
33:25 Padded Archer Armor
38:27 Imperial Age
39:40 Leather Archer Armor
39:37 Stone Mining
39:45 Hussar
41:07 Caravan
41:38 Coinage
40:30 Pikeman
42:00 Stone Shaft Mining
41:20 Gold Mining
45:15 Gold Shaft Mining
45:29 Heavy Scorpion
46:38 Onager
49:08 Siege Onager
51:53 Heavy Plow
52:21 Ballistics
52:03 Murder Holes
52:20 Fortified Wall
52:22 Siege Engineers
52:30 Masonry
58:55 Banking
57:58 Elite Mangudai
Bol Son Arrow
12:52 Feudal Age
13:30 Horse Collar
13:39 Double-Bit Axe
14:58 Wheelbarrow
19:24 Forging
20:21 Loom
20:44 Scale Mail Armor
23:59 Castle Age
22:20 Stone Mining
22:23 Gold Mining
27:42 Iron Casting
27:23 Chain Mail Armor
28:05 Hand Cart
27:36 Loom
27:29 Man-at-Arms
28:32 Long Swordsman
31:39 Squires
32:46 Bow Saw
32:48 Heavy Plow
38:43 Imperial Age
36:32 Masonry
36:51 Arson
37:00 Town Watch
42:34 Two-Man Saw
41:40 Onager
41:55 Two-Handed Swordsman
41:56 Halberdier
44:33 Blast Furnace
44:09 Plate Mail Armor
48:56 Siege Onager
50:18 Guard Tower
Connection lost

Rejoining the realm…

Still unreachable

The connection could not be restored.

Session expired

The server has moved on; the page needs a fresh start.